[Event "Titled Tuesday Blitz August 09 Early 2022"]
[White "Zhigalko, Sergei"]
[Black "Ismayil, Malak"]
[WhiteFideId "13502956"]
[BlackFideId "13412604"]
[WhiteElo "2662"]
[BlackElo "1879"]
[Result "1-0"]
[Round "01"]
[TimeControl "180+1"]
[Date "2022.08.09"]
[WhiteClock "0:00:12"]
[BlackClock "0:00:03"]

1. e4 e5 2. Nf3 Nc6 3. Bc4 Bc5 4. b4 Bxb4 5. c3 Bd6 6. d4 Qe7 7. O-O Nf6 8. Re1 h6 9. a4 O-O 10. Nh4 Rd8 11. Nf5 Qf8 12. Qf3 Be7 13. Qg3 Kh8 14. dxe5 Nh7 15. Bf4 Re8 16. Nd2 Bg5 17. Bxg5 Nxg5 18. f4 Ne6 19. Kh1 d6 20. exd6 cxd6 21. Rad1 Nc5 22. Nd4 Bd7 23. Bd5 Nxa4 24. Nc4 Rad8 25. h3 a6 26. f5 b5 27. Nxd6 Ne5 28. Nxe8 Rxe8 29. Nf3 f6 30. Nxe5 Rxe5 31. Rd2 Nc5 32. Red1 Qe7 33. Qf4 Be8 34. Rd4 a5 35. R1d2 a4 36. Kh2 a3 37. Ra2 Na4 38. Qg3 Qc5 39. Rd3 Nb6 40. Ra1 Na4 41. Ra2 Nb2 42. Rd2 Na4 43. Rdc2 Nb6 44. Ra1 Nxd5 45. exd5 Rxd5 46. c4 Re5 47. Rxa3 bxc4 48. Ra8 Qe7 49. Rxc4 Kh7 50. Rg4 Qf7 51. Ra6 Bd7 52. Rf4 Bxf5 53. Rb6 Bg6 54. Rf3 Rg5 55. Qf4 Qd7 56. Ra6 Rf5 57. Qg3 Rxf3 58. Qxf3 Qc7+ 59. Qg3 Qb7 60. Rd6 Qe7 61. Rc6 Qd7 62. Rc7 Qf5 63. Ra7 Qc5 64. Rb7 Qg5 65. Qc7 Be4 66. Rb2 Qg6 67. Qg3 Qxg3+ 68. Kxg3 f5 69. Rb4 Kg6 70. Kf2 Kf6 71. g3 g5 72. Rb6+ Kg7 73. Ke3 h5 74. h4 g4 75. Kf4 Kf7 76. Kg5 Ke7 77. Kxh5 f4 78. Kxg4 fxg3 79. Kxg3 Kf7 80. Kf4 Bh7 81. Kg5 Kg7 82. Rb7+ Kh8 83. Kh6 Bg8 84. Kg6 Bd5 85. Rc7 Bg8 86. Kf6 Bd5 87. Kg5 Be6 88. Re7 Bg8 89. Kh6 Bd5 90. Rh7+ Kg8 91. Rd7 Be6 92. Re7 Bf7 93. Kg5 Bd5 94. Kf6 Bc4 95. Rg7+ Kh8 96. Kg6 Bg8 97. Kh6 Bc4 98. Rg5 Bg8 99. h5 Bc4 100. Rc5 Bg8 101. Rc7 Bc4 102. Rh7+ Kg8 103. Rc7 Bd5 104. Kg6 Be4+ 105. Kf6 Bd5 106. Rd7 Bc4 107. Rd8+ Kh7 108. Rc8 Bd3 109. Rc7+ Kh6 110. Rd7 Be2 111. Rd8 Kxh5 112. Kf5 Bg4+ 113. Kf4 Be6 114. Re8 Bf7 115. Rc8 Kg6 116. Ke5 Kg7 117. Rc7 Kg6 118. Rc6+ Kg7 119. Rb6 Bg6 120. Kf4 Bf7 121. Kg5 Bd5 122. Rd6 Bf7 123. Rd7 Kg8 124. Kf6 Be8 125. Rg7+ Kf8 126. Re7 Bc6 127. Rc7 Be8 128. Rh7 Kg8 129. Rg7+ Kf8 130. Ra7 Kg8 131. Ra8 Kf8 132. Rb8 1-0


[Site "https://www.chess.com"]

[Event "Titled Tuesday Blitz August 09 Early 2022"]
[White "Zhukov, Maksim"]
[Black "Hua, Lefong"]
[WhiteFideId "34181790"]
[BlackFideId "2602253"]
[WhiteElo "1978"]
[BlackElo "2599"]
[Result "0-1"]
[Round "01"]
[TimeControl "180+1"]
[Date "2022.08.09"]
[WhiteClock "0:00:18"]
[BlackClock "0:00:17"]

1. d4 Nf6 2. Nf3 g6 3. g3 Bg7 4. Bg2 O-O 5. O-O c5 6. c4 d6 7. dxc5 dxc5 8. Ne5 Nbd7 9. Nd3 Nb6 10. Na3 a6 11. Bf4 Nfd7 12. Rc1 e5 13. Be3 Qe7 14. Qb3 Kh8 15. Nxc5 Nxc5 16. Qxb6 Ne6 17. Nc2 f5 18. Rfd1 f4 19. Bd2 Qc7 20. Qxc7 Nxc7 21. Bb4 Re8 22. Bd6 Ne6 23. b3 Nd4 24. Nxd4 exd4 25. Bf3 fxg3 26. hxg3 a5 27. Bc5 Rd8 28. Rc2 a4 29. Rcd2 axb3 30. axb3 Bf5 31. Bxd4 Bxd4 32. Rxd4 Rxd4 33. Rxd4 Ra3 34. b4 b6 35. c5 bxc5 36. bxc5 Rc3 37. c6 Kg7 38. Rd7+ Bxd7 39. cxd7 Rc1+ 40. Kg2 Rd1 41. Bc6 Kf6 42. Kf3 Ke7 43. Ba4 Rd4 44. Bb5 Rd5 45. Ba4 Ra5 46. Bc6 Ra6 47. Bb5 Rb6 48. Ba4 h5 49. e3 g5 50. Kg2 Rb4 51. Bd1 g4 52. f3 Rb2+ 53. Kf1 Rd2 54. Ke1 Rxd7 55. fxg4 hxg4 56. Bxg4 Rc7 57. Kf2 Kf6 58. Kf3 Ke5 59. Bh5 Rh7 60. Bg6 Rg7 61. Bd3 Rd7 62. Bg6 Rd6 63. Bh5 Rh6 64. Be8 Rh8 65. Bb5 Rf8+ 66. Ke2 Rb8 67. Bd3 Rg8 68. Kf3 Rf8+ 69. Kg2 Rd8 70. Be2 Rd2 71. Kf3 Kf5 72. g4+ Ke5 73. Bb5 Rb2 74. Ba6 Rb6 75. Bc8 Rf6+ 76. Bf5 Rf8 77. e4 Rg8 78. Kg3 Rh8 79. g5 Rh1 80. Kg4 Rg1+ 81. Kh5 Kd6 82. Kg6 Ke7 83. e5 Re1 84. e6 Rh1 85. Kg7 Rf1 86. Be4 Re1 87. Bf5 Rf1 88. Kg6 Rf2 89. Bg4 Rf4 90. Bh3 Rf3 91. Bf5 Rf1 92. Bg4 Rg1 93. Kh5 Rh1+ 94. Kg6 Rg1 95. Kh5 Kf8 96. g6 Kg7 97. Kg5 Rf1 98. Bf5 Rg1+ 99. Kf4 Kf6 100. Ke4 Re1+ 101. Kf4 Rf1+ 102. Kg4 Rxf5 103. e7 Re5 104. g7 Kxg7 105. e8=Q Rxe8 0-1


[Site "https://www.chess.com"]

[Event "Titled Tuesday Blitz August 09 Early 2022"]
[White "Ziatdinov, Raset"]
[Black "Ternault, Mathieu"]
[WhiteFideId "2015323"]
[BlackFideId "20641532"]
[WhiteElo "2220"]
[BlackElo "2249"]
[Result "1-0"]
[Round "01"]
[TimeControl "180+1"]
[Date "2022.08.09"]
[WhiteClock "0:00:36"]
[BlackClock "0:00:02"]

1. e4 Nf6 2. e5 Nd5 3. d4 d6 4. c4 Nb6 5. f4 dxe5 6. fxe5 Nc6 7. Be3 Bf5 8. Nf3 e6 9. Nc3 h6 10. Be2 Be7 11. O-O O-O 12. Qd2 Qd7 13. Rad1 Rfd8 14. a3 Bf8 15. b4 a5 16. b5 Ne7 17. a4 Bh7 18. Bd3 Bxd3 19. Qxd3 Nf5 20. Bc1 Bc5 21. Ne2 Bf8 22. g4 Ne7 23. Ng3 Nxa4 24. Ne4 c6 25. Bxh6 cxb5 26. cxb5 Nd5 27. Neg5 g6 28. Nxf7 Qxf7 29. Ng5 Bxh6 30. Nxf7 Be3+ 31. Kg2 Kg7 32. Nxd8 Rxd8 33. Rf3 Rc8 34. Rxe3 Nxe3+ 35. Qxe3 1-0


[Site "https://www.chess.com"]

[Event "Titled Tuesday Blitz August 09 Early 2022"]
[White "Zierk, Steven"]
[Black "Nurmanova, Alua"]
[WhiteFideId "2034255"]
[BlackFideId "13729390"]
[WhiteElo "2494"]
[BlackElo "1921"]
[Result "1/2-1/2"]
[Round "01"]
[TimeControl "180+1"]
[Date "2022.08.09"]
[WhiteClock "0:00:19"]
[BlackClock "0:00:06"]

1. e4 c5 2. Nf3 d6 3. d4 cxd4 4. Nxd4 Nf6 5. Nc3 a6 6. h3 e5 7. Nde2 h5 8. Bg5 Be6 9. Bxf6 Qxf6 10. Nd5 Qd8 11. Qd3 Nd7 12. O-O-O Qa5 13. b4 Qd8 14. f4 b5 15. Nec3 Nb6 16. Qg3 h4 17. Qf2 Bxd5 18. Nxd5 Nxd5 19. Rxd5 Qc7 20. Be2 Qc3 21. fxe5 Qa1+ 22. Kd2 Qxh1 23. exd6 Bxd6 24. Rxd6 O-O 25. Qxh4 Qxg2 26. Rd4 Rac8 27. c3 Rfe8 28. Qf4 Qxh3 29. Rd3 Qe6 30. Bg4 Qxa2+ 31. Ke3 Rcd8 32. Bd7 Re7 33. Qc7 Rf8 34. Qc5 Rxd7 35. Rxd7 Qe6 36. Rd6 Qh3+ 37. Kd4 Qf3 38. Rxa6 Qf2+ 39. Kd5 Rd8+ 40. Rd6 Qd2+ 41. Kc6 Rxd6+ 42. Qxd6 Qxd6+ 43. Kxd6 g5 44. Ke5 f6+ 45. Kf5 Kf7 46. c4 bxc4 47. b5 c3 48. b6 c2 49. b7 c1=Q 50. b8=Q Qc5+ 51. Kg4 Qg1+ 52. Kf3 Qf1+ 53. Ke3 Qe1+ 54. Kf3 Qd1+ 55. Ke3 Qc1+ 56. Kf3 Qc3+ 57. Kg4 Qe3 58. Qa8 Qe2+ 59. Kg3 Kg6 60. Qg8+ Kh6 61. Qh8+ Kg6 62. Qg8+ Kh6 63. Qf8+ Kg6 64. Qg8+ 1/2-1/2


[Site "https://www.chess.com"]

[Event "Titled Tuesday Blitz August 09 Early 2022"]
[White "Agasarov, Benik"]
[Black "Carlsson, Ludvig"]
[WhiteFideId "13314823"]
[BlackFideId "1727010"]
[WhiteElo "2152"]
[BlackElo "2195"]
[Result "0-1"]
[Round "02"]
[TimeControl "180+1"]
[Date "2022.08.09"]
[WhiteClock "0:01:02"]
[BlackClock "0:01:52"]

1. e4 e6 2. d4 d5 3. Nc3 Nf6 4. e5 Nfd7 5. f4 c5 6. Nf3 Nc6 7. Be3 cxd4 8. Nxd4 Bc5 9. Qd2 Nxd4 10. Bxd4 Bxd4 11. Qxd4 Qb6 12. Nb5 Qxd4 13. Nxd4 Ke7 14. Bb5 Nc5 15. b4 Ne4 16. Bd3 a5 17. Bxe4 dxe4 18. b5 Rd8 19. Rd1 Bd7 20. a4 Rac8 21. O-O Rc4 22. Rfe1 Rxa4 23. Rxe4 Bxb5 24. c3 Rc4 25. Rb1 Ba6 26. Re3 Rdc8 27. Rb3 a4 28. Ra3 b5 29. f5 b4 30. Rxa4 bxc3 31. Rxc3 Rxa4 32. f6+ gxf6 33. exf6+ Kxf6 34. Nc6 Ra1+ 35. Kf2 Rf1+ 36. Kg3 Bb5 0-1


[Site "https://www.chess.com"]

[Event "Titled Tuesday Blitz August 09 Early 2022"]
[White "Aggelis, Nikolaos"]
[Black "Gareyev, Timur"]
[WhiteFideId "4213220"]
[BlackFideId "14200937"]
[WhiteElo "2154"]
[BlackElo "2528"]
[Result "0-1"]
[Round "02"]
[TimeControl "180+1"]
[Date "2022.08.09"]
[WhiteClock "0:00:08"]
[BlackClock "0:01:09"]

1. d4 Nf6 2. g3 d5 3. Nf3 c6 4. Bg2 Bf5 5. c4 e6 6. Qb3 Qb6 7. c5 Qa6 8. Bf1 Qa5+ 9. Bd2 Qc7 10. Bf4 Qc8 11. Nh4 Be4 12. f3 Bxb1 13. Rxb1 Nbd7 14. Qc2 h6 15. Be3 e5 16. Bh3 Qc7 17. O-O g6 18. Nxg6 fxg6 19. Qxg6+ Kd8 20. dxe5 Qxe5 21. Bf4 Bxc5+ 22. Kh1 Qh5 23. Qf5 Qxf5 24. Bxf5 Ke7 25. e4 dxe4 26. fxe4 Raf8 27. b4 Bd4 28. b5 c5 29. Rbd1 Be5 30. a4 Rd8 31. a5 Bd4 32. Kg2 Nf8 33. e5 Nd5 34. Be4 Ne6 35. Bd2 b6 36. Rf3 Bxe5 37. Re1 Nf6 38. Bc1 Nxe4 39. Rxe4 Bd4 40. Be3 Rd5 41. Bxd4 cxd4 42. Rd3 Rhd8 43. axb6 axb6 44. Rh4 h5 45. g4 Nf4+ 0-1


[Site "https://www.chess.com"]

[Event "Titled Tuesday Blitz August 09 Early 2022"]
[White "Al-Tarboush, Ward"]
[Black "Remolar Gallen, Jose"]
[WhiteFideId "7601450"]
[BlackFideId "2215187"]
[WhiteElo "2234"]
[BlackElo "2205"]
[Result "1-0"]
[Round "02"]
[TimeControl "180+1"]
[Date "2022.08.09"]
[WhiteClock "0:01:59"]
[BlackClock "0:00:20"]

1. e4 c5 2. Nf3 d6 3. d4 cxd4 4. Nxd4 Nf6 5. Nc3 a6 6. h3 e5 7. Nde2 h5 8. Bg5 Be7 9. g3 Nbd7 10. a4 b6 11. Bg2 Bb7 12. O-O Nc5 13. b4 Ncxe4 14. Bxf6 gxf6 15. Nxe4 f5 16. Nxd6+ Bxd6 17. Bxb7 Ra7 18. Bc6+ Kf8 19. Qd5 Qf6 20. Rad1 Be7 21. f4 h4 22. Qxe5 Qh6 23. g4 fxg4 24. hxg4 Bxb4 25. Rd8# 1-0


[Site "https://www.chess.com"]

[Event "Titled Tuesday Blitz August 09 Early 2022"]
[White "Aldokhin, Ivan"]
[Black "Matlakov, Maxim"]
[WhiteFideId "24115720"]
[BlackFideId "4168003"]
[WhiteElo "2246"]
[BlackElo "2669"]
[Result "1-0"]
[Round "02"]
[TimeControl "180+1"]
[Date "2022.08.09"]
[WhiteClock "0:00:06"]
[BlackClock "0:01:01"]

1. e4 c5 2. Nf3 d6 3. d4 cxd4 4. Nxd4 Nf6 5. Nc3 a6 6. Bc4 e6 7. Bb3 b5 8. O-O Be7 9. Qf3 Qb6 10. Be3 Qb7 11. Rfe1 Nbd7 12. Qg3 Nc5 13. f3 O-O 14. Rad1 Kh8 15. e5 dxe5 16. Qxe5 Nxb3 17. Nxb3 b4 18. Na4 Qb5 19. Bc5 Bxc5+ 20. Naxc5 Bb7 21. Nd4 Qb6 22. Na4 Qa7 23. Kh1 Bd5 24. b3 Rac8 25. Rc1 Rfd8 26. c4 bxc3 27. Rxc3 Rxc3 28. Nxc3 Ba8 29. Nde2 Qf2 30. Qg3 Qc5 31. Qf4 h6 32. h3 a5 33. Qc1 Nh5 34. Ne4 Qb6 35. N2c3 f5 36. Nd2 Ng3+ 37. Kh2 Qb8 38. Kg1 Qa7+ 39. Kh2 Qf2 40. Nc4 Bxf3 41. Rg1 Nf1+ 42. Qxf1 Qxf1 43. Rxf1 Ba8 44. Re1 Rd3 45. Nb5 Bd5 46. Nc7 a4 47. Nb6 axb3 48. axb3 Bxb3 49. Re5 Rd6 50. Nc8 Rc6 51. Nxe6 Rxe6 52. Rxe6 Bxe6 53. Nd6 g5 54. Kg3 Kg7 55. h4 f4+ 56. Kf3 Bd5+ 57. Kf2 g4 58. Nf5+ Kg6 59. Ne7+ Kh5 60. Nxd5 Kxh4 61. Nxf4 Kg5 62. g3 h5 63. Ng2 Kf5 64. Ke3 Ke5 65. Nh4 Kd5 66. Kf4 Kd4 67. Kg5 Ke3 68. Kxh5 Kf2 69. Kxg4 1-0


[Site "https://www.chess.com"]

[Event "Titled Tuesday Blitz August 09 Early 2022"]
[White "Antonio, Rogelio Jr"]
[Black "Begunov, Konstantin"]
[WhiteFideId "5200032"]
[BlackFideId "4118510"]
[WhiteElo "2415"]
[BlackElo "2262"]
[Result "1-0"]
[Round "02"]
[TimeControl "180+1"]
[Date "2022.08.09"]
[WhiteClock "0:01:49"]
[BlackClock "0:00:02"]

1. e4 c5 2. d4 cxd4 3. c3 Nf6 4. e5 Nd5 5. cxd4 Nc6 6. Bc4 Nb6 7. Bb3 d5 8. Nc3 Bf5 9. g4 Bg6 10. Nge2 e6 11. h4 h6 12. Nf4 Bh7 13. Be3 Rc8 14. g5 Be7 15. g6 Bxg6 16. Nxg6 fxg6 17. Qg4 O-O 18. Qxe6+ Kh7 19. Bc2 Nb4 20. Qxg6+ Kg8 21. Qh7+ Kf7 22. Bf5 Rc6 23. Rg1 Rg8 24. a3 Na6 25. Rg6 Nc4 26. Bxh6 1-0


[Site "https://www.chess.com"]

[Event "Titled Tuesday Blitz August 09 Early 2022"]
[White "Avalos Parra, Joao"]
[Black "Zemlyanskii, Ivan"]
[WhiteFideId "3402541"]
[BlackFideId "24249971"]
[WhiteElo "2173"]
[BlackElo "1879"]
[Result "0-1"]
[Round "02"]
[TimeControl "180+1"]
[Date "2022.08.09"]
[WhiteClock "0:00:49"]
[BlackClock "0:01:20"]

1. d4 Nf6 2. Nf3 e6 3. c4 b6 4. a3 Ba6 5. b3 d5 6. e3 Be7 7. Bb2 O-O 8. Nbd2 Bb7 9. Bd3 c5 10. O-O Nc6 11. Re1 Rc8 12. Rc1 cxd4 13. exd4 Re8 14. Ne5 dxc4 15. Nxc6 Bxc6 16. bxc4 Bb7 17. Nf3 Bd6 18. Ne5 Qc7 19. Qe2 Red8 20. h3 Bxe5 21. dxe5 Nd7 22. Red1 Nc5 23. Bb1 Qc6 24. f3 Na4 25. Be4 Qc5+ 26. Kh2 Bxe4 27. fxe4 Rxd1 28. Rxd1 Nxb2 29. Qxb2 Qxc4 30. Rd4 Qc7 31. g3 h6 32. Rd6 Qc2+ 33. Qxc2 Rxc2+ 34. Kg1 Rc3 35. Kg2 Rxa3 36. Rd8+ Kh7 37. Rd7 Kg6 38. h4 h5 39. Kf2 b5 40. Rb7 a6 41. Ra7 b4 42. Kg2 a5 43. Rb7 b3 44. Kf3 a4 45. Kf4 Ra2 46. g4 hxg4 47. Kxg4 b2 48. h5+ Kh7 49. Kg5 a3 50. h6 Ra1 51. hxg7 Kxg7 0-1


[Site "https://www.chess.com"]

[Event "Titled Tuesday Blitz August 09 Early 2022"]
[White "Avinash, Ramesh"]
[Black "Maksimenko, Viktor"]
[WhiteFideId "45018340"]
[BlackFideId "13710478"]
[WhiteElo "1901"]
[BlackElo "2269"]
[Result "0-1"]
[Round "02"]
[TimeControl "180+1"]
[Date "2022.08.09"]
[WhiteClock "0:00:23"]
[BlackClock "0:00:09"]

1. d4 Nf6 2. c4 e6 3. g4 Nxg4 4. e4 h5 5. Nc3 g6 6. h3 Nh6 7. Be3 d6 8. Qd2 Nd7 9. O-O-O Bg7 10. f4 c6 11. Nf3 Nb6 12. Kb1 d5 13. cxd5 cxd5 14. Ne5 dxe4 15. Nxe4 Nd5 16. Bb5+ Kf8 17. Bf2 a6 18. Bc4 Nf5 19. Ng5 Kg8 20. Nexf7 Qc7 21. Bxd5 exd5 22. Nxh8 Bxh8 23. Rhg1 Nd6 24. Rc1 Bf5+ 25. Ka1 Qd7 26. Qb4 Bf6 27. Qc5 Nc4 28. Rge1 a5 29. Rxc4 dxc4 30. Qxc4+ Kg7 31. Ne6+ Bxe6 32. Qxe6 Rd8 33. Qe4 Qd5 34. Kb1 a4 35. Qxd5 Rxd5 36. Re4 Kf7 37. Kc2 Rd6 38. Kd3 Rb6 39. Re2 Rc6 40. Be1 b5 41. Bc3 Rd6 42. a3 Rd5 43. Ke4 Rd7 44. d5 Re7+ 45. Kd3 Rd7 46. Bxf6 Kxf6 47. Re5 h4 48. Ke4 Rc7 49. Re6+ Kf7 50. Rc6 Re7+ 51. Kd4 Re2 52. Rc7+ Kf6 53. Rc6+ Kf5 54. Kc5 Rc2+ 55. Kxb5 Rxb2+ 56. Kc5 Rc2+ 57. Kd6 Rd2 58. Rc4 Rd3 59. Rxa4 Rxh3 60. Ke7 Re3+ 61. Kd7 h3 62. Rb4 h2 63. Rb1 Kxf4 64. d6 g5 65. Kd8 Rxa3 66. d7 Rd3 67. Ke7 Rxd7+ 68. Kxd7 g4 69. Ke6 g3 70. Rb4+ Kf3 71. Rb3+ Kg2 72. Rb2+ Kh3 73. Rb1 g2 74. Rb3+ Kg4 75. Rb4+ Kf3 76. Rb2 g1=Q 77. Rb3+ Ke4 78. Rb4+ Kd3 79. Rb3+ Kc4 80. Rf3 h1=Q 81. Rf4+ Kd3 82. Rf5 Qe4+ 83. Re5 Qxe5+ 84. Kxe5 Qg5+ 85. Kd6 Kd4 86. Ke6 Qg6+ 87. Kd7 Kc5 88. Ke7 Kd5 89. Kd7 Qg7+ 90. Ke8 Kd6 91. Kd8 Qd7# 0-1


[Site "https://www.chess.com"]

[Event "Titled Tuesday Blitz August 09 Early 2022"]
[White "Azarov, Sergei"]
[Black "Parpiev, Isaak"]
[WhiteFideId "13501470"]
[BlackFideId "34281576"]
[WhiteElo "2494"]
[BlackElo "2049"]
[Result "1-0"]
[Round "02"]
[TimeControl "180+1"]
[Date "2022.08.09"]
[WhiteClock "0:01:36"]
[BlackClock "0:00:22"]

1. e4 e5 2. Nf3 Nc6 3. Bb5 a6 4. Ba4 Nf6 5. O-O Be7 6. Re1 b5 7. Bb3 O-O 8. c3 d6 9. h3 Bb7 10. d4 h6 11. Nbd2 Re8 12. a3 Bf8 13. d5 Na7 14. Nh2 c6 15. dxc6 Nxc6 16. Qf3 Na5 17. Ba2 d5 18. Ng4 dxe4 19. Nxe4 Nd5 20. Bxd5 Bxd5 21. Nef6+ gxf6 22. Nxf6+ Kh8 23. Qf5 Kg7 24. Bxh6+ Kxh6 25. Qh5+ Kg7 26. Qg5+ Kh8 27. Qg8# 1-0


[Site "https://www.chess.com"]

[Event "Titled Tuesday Blitz August 09 Early 2022"]
[White "Bekturov, Tamerlan"]
[Black "Sanchez, Robert"]
[WhiteFideId "13710184"]
[BlackFideId "2034360"]
[WhiteElo "2128"]
[BlackElo "2280"]
[Result "1-0"]
[Round "02"]
[TimeControl "180+1"]
[Date "2022.08.09"]
[WhiteClock "0:00:15"]
[BlackClock "0:00:19"]

1. e4 e6 2. d4 d5 3. Nc3 Nf6 4. e5 Ne4 5. Nxe4 dxe4 6. Be3 c5 7. dxc5 Qc7 8. Qd4 Nd7 9. Qxe4 Bxc5 10. Bxc5 Qxc5 11. Nf3 O-O 12. Bd3 f5 13. exf6 Nxf6 14. Qe5 Qb4+ 15. Qc3 Qxc3+ 16. bxc3 e5 17. O-O-O Bg4 18. Bc4+ Kh8 19. Rde1 Bxf3 20. gxf3 Rac8 21. Bd3 Rxc3 22. Rxe5 Rfc8 23. Kd2 a6 24. Rhe1 b5 25. Re6 a5 26. R1e5 R3c5 27. f4 b4 28. Ra6 Nd5 29. Be4 Rd8 30. Rxd5 Rcxd5+ 31. Bxd5 Rxd5+ 32. Ke3 h6 33. h4 Rc5 34. f3 Rc3+ 35. Ke4 Rc4+ 36. Kf5 Rxc2 37. Kg6 Rc8 38. Rxa5 Rc6+ 39. Kf5 Kh7 40. h5 Rc3 41. Kg4 Rc2 42. Ra7 Rg2+ 43. Kh3 Rf2 44. Kg3 Rf1 45. f5 Kg8 46. Kf4 Rf2 47. Ra4 Rh2 48. Ke5 Rf2 49. f4 Kf7 50. Ra7+ Kf8 51. f6 gxf6+ 52. Kf5 Ke8 53. Ke6 Kd8 54. f5 Kc8 55. Kxf6 Kb8 56. Ra4 Kc7 57. Rxb4 Rxa2 58. Rd4 1-0


[Site "https://www.chess.com"]

[Event "Titled Tuesday Blitz August 09 Early 2022"]
[White "Belov, Vladimir"]
[Black "Yedidia, Daniel"]
[WhiteFideId "4132394"]
[BlackFideId "30905907"]
[WhiteElo "2501"]
[BlackElo "2539"]
[Result "1/2-1/2"]
[Round "02"]
[TimeControl "180+1"]
[Date "2022.08.09"]
[WhiteClock "0:00:11"]
[BlackClock "0:00:10"]

1. e4 e5 2. Nf3 Nc6 3. Bb5 a6 4. Ba4 Nf6 5. O-O Be7 6. Re1 b5 7. Bb3 O-O 8. d4 d6 9. c3 Bg4 10. d5 Na5 11. Bc2 c6 12. h3 Bh5 13. dxc6 Nxc6 14. Nbd2 Qc7 15. Nf1 b4 16. Ng3 bxc3 17. Nxh5 Nxh5 18. bxc3 Nf4 19. g3 Ne6 20. Be3 Na5 21. Rc1 Rfc8 22. Ba4 Rab8 23. Qe2 Qc4 24. Qxc4 Rxc4 25. Bc2 Rxc3 26. Kg2 Rbc8 27. Ba4 Rxc1 28. Rxc1 Rxc1 29. Bxc1 Nc5 30. Bc2 Nc6 31. Ba3 Kf8 32. Kf1 Bd8 33. Bxc5 dxc5 34. Ba4 Nb4 35. a3 Nd3 36. Bc2 c4 37. Bxd3 cxd3 38. Nxe5 Be7 39. a4 d2 40. Ke2 f6 41. Nc4 Bc5 42. Nxd2 Ke7 43. f4 Kd6 44. Nb3 Bb6 45. g4 Ke6 46. Kd3 Kd6 47. Nd4 g6 48. Kc4 Ba5 49. Nf3 Bb6 50. e5+ fxe5 51. Nxe5 Be3 52. Nd3 Bd2 53. Kd4 Ba5 54. Ke4 Ke6 55. h4 Kd6 56. h5 Bd8 57. h6 Bf6 58. g5 Bc3 59. f5 Ke7 60. fxg6 hxg6 61. Nf4 Kf7 62. Nd5 Bd2 63. Nf4 Bc3 64. Kf3 Bd2 65. Kg4 a5 66. h7 Kg7 67. Nxg6 Bc3 68. Nf4 Kxh7 69. Kf5 Kg7 70. Nd5 Be1 71. Nf4 Bd2 72. g6 Bxf4 73. Kxf4 Kxg6 74. Ke5 Kf7 75. Kd5 Ke8 76. Kc5 Kd8 77. Kb5 Kc8 78. Kxa5 Kb8 79. Kb6 Ka8 80. a5 1/2-1/2


[Site "https://www.chess.com"]

[Event "Titled Tuesday Blitz August 09 Early 2022"]
[White "Bilych, Olexiy"]
[Black "Tomb, Maroun"]
[WhiteFideId "14156504"]
[BlackFideId "5300398"]
[WhiteElo "2157"]
[BlackElo "2529"]
[Result "0-1"]
[Round "02"]
[TimeControl "180+1"]
[Date "2022.08.09"]
[WhiteClock "0:00:05"]
[BlackClock "0:00:47"]

1. e4 d6 2. d4 Nf6 3. Nc3 e5 4. Nf3 Nbd7 5. Bc4 Be7 6. O-O c6 7. a4 h6 8. a5 Qc7 9. h3 Nf8 10. Be3 Ng6 11. Qd3 O-O 12. d5 Nh5 13. Ne2 Kh7 14. a6 b5 15. Bb3 f5 16. dxc6 fxe4 17. Qxe4 Bf5 18. Qd5 Nf6 19. Qxb5 Rab8 20. Qa4 d5 21. Rad1 Rb4 22. Qa2 d4 23. Nexd4 exd4 24. Nxd4 Nh4 25. c3 Rxd4 26. Rxd4 Ne4 27. Be6 Qxc6 28. Bd5 Qg6 29. g3 Nxg3 30. Rg4 Bxg4 31. fxg3 Rxf1+ 32. Kxf1 Qd3+ 33. Kf2 Qe2+ 34. Kg1 Qxe3+ 35. Kf1 Qe2+ 36. Kg1 Bc5+ 37. Kh1 Bf3+ 38. Bxf3 Qxf3+ 39. Kh2 Qg2# 0-1


[Site "https://www.chess.com"]

[Event "Titled Tuesday Blitz August 09 Early 2022"]
[White "Boros, Denes"]
[Black "Ramirez Vido, Robert Yorisan"]
[WhiteFideId "722340"]
[BlackFideId "3513823"]
[WhiteElo "2464"]
[BlackElo "2403"]
[Result "0-1"]
[Round "02"]
[TimeControl "180+1"]
[Date "2022.08.09"]
[WhiteClock "0:00:32"]
[BlackClock "0:00:09"]

1. d4 g6 2. Nc3 Nf6 3. Bg5 Bg7 4. e4 d6 5. Be2 c6 6. f4 Qa5 7. Qd2 b5 8. e5 b4 9. exf6 bxc3 10. Qxc3 Qxc3+ 11. bxc3 exf6 12. Bh4 O-O 13. Nf3 Re8 14. Kd2 Bf5 15. Bd3 Bg4 16. Rab1 Nd7 17. Rb7 Nb6 18. a4 Bc8 19. Rc7 Nd5 20. Rxc6 Nxf4 21. Bg3 Nxg2 22. c4 Bb7 23. d5 Bxc6 24. dxc6 Bh6+ 25. Kc3 Rac8 26. Nd4 f5 27. Bxd6 Bg7 28. c7 Re6 29. c5 Ne3 30. Ba6 Rxc7 31. Kd3 Bxd4 32. Bxc7 Bxc5 33. Bb5 a6 34. Bc4 Rc6 35. Bg3 Nxc4 36. Kxc4 Rc8 37. Kd5 g5 38. Be5 Be7 39. c4 Rc5+ 40. Kd4 f6 41. Bb8 Ra5 42. Ba7 Rxa4 43. Rb1 Ra2 44. Rb7 Bd6 45. h3 f4 46. Kd5 Be5 47. c5 f3 48. c6 f2 49. Rb1 Rd2+ 50. Ke6 Re2 51. Kd7 Re1 52. Rb8+ Bxb8 53. Bxf2 Rc1 54. Bd4 Be5 55. Bb6 Rc2 56. Ba5 f5 57. Ke6 Bb8 58. Kxf5 h6 59. Bb4 Kh7 60. Kg4 Rxc6 61. Bf8 Rc4+ 62. Kf5 a5 63. Be7 a4 64. Ke6 Rc6+ 65. Kd5 Rc7 66. Ba3 Rd7+ 67. Kc4 Ra7 68. Kb5 Ra8 69. Kc6 Bf4 70. Kb7 Ra5 71. Kb6 Rd5 72. Kc6 Rd3 73. Bc5 a3 74. h4 a2 75. h5 0-1


[Site "https://www.chess.com"]

[Event "Titled Tuesday Blitz August 09 Early 2022"]
[White "Broca Jimenez, Fernando"]
[Black "Kashefi, Amir Hosein"]
[WhiteFideId "5104742"]
[BlackFideId "12557935"]
[WhiteElo "2062"]
[BlackElo "1962"]
[Result "0-1"]
[Round "02"]
[TimeControl "180+1"]
[Date "2022.08.09"]
[WhiteClock "0:02:07"]
[BlackClock "0:02:33"]

1. e4 c6 2. d4 d5 3. Nc3 dxe4 4. Nxe4 Nf6 5. Nxf6+ gxf6 6. Bf4 Bf5 7. Nf3 Nd7 8. Bd3 Rg8 9. Qd2 Bxd3 10. Qxd3 Qa5+ 11. c3 Rxg2 12. Bg3 Qh5 13. Qf1 Qxf3 14. Rd1 O-O-O 15. Rd3 Qe4+ 16. Re3 Qb1+ 17. Ke2 Qxb2+ 18. Kf3 Rxg3+ 19. hxg3 Qxa2 20. Rxh7 Qd5+ 21. Ke2 Qb5+ 22. Rd3 Ne5 0-1


[Site "https://www.chess.com"]

[Event "Titled Tuesday Blitz August 09 Early 2022"]
[White "Bryakin, Mikhail"]
[Black "Gurevich, Dmitry"]
[WhiteFideId "4165314"]
[BlackFideId "2000407"]
[WhiteElo "2353"]
[BlackElo "2506"]
[Result "1-0"]
[Round "02"]
[TimeControl "180+1"]
[Date "2022.08.09"]
[WhiteClock "0:00:23"]
[BlackClock "0:00:24"]

1. e4 c5 2. d4 cxd4 3. Qxd4 Nc6 4. Qd3 g6 5. Nc3 Bg7 6. Nf3 Nf6 7. Bg5 h6 8. Bh4 d6 9. a3 Bg4 10. Be2 O-O 11. O-O Rc8 12. h3 Bxf3 13. Bxf3 Ne5 14. Qe2 g5 15. Bg3 Nc4 16. Nd1 Qb6 17. b3 Ne5 18. Bxe5 dxe5 19. Ne3 e6 20. Nc4 Qc5 21. Rad1 Rfd8 22. a4 b6 23. Rxd8+ Rxd8 24. Rd1 Rd4 25. c3 Rxd1+ 26. Qxd1 Bf8 27. Qd3 Kg7 28. b4 Qc7 29. g3 h5 30. Kg2 g4 31. hxg4 hxg4 32. Be2 Qc6 33. f3 gxf3+ 34. Kxf3 Nd7 35. a5 b5 36. Ne3 a6 37. Kf2 Be7 38. Bf3 Bg5 39. Ng4 Qc7 40. Kg2 Nf6 41. Nf2 Ne8 42. Be2 Nd6 43. Qf3 Bd2 44. Nd1 f5 45. exf5 exf5 46. Qd5 Qb7 47. Qxb7+ Nxb7 48. g4 Kf6 49. gxf5 Kxf5 50. Bxb5 axb5 51. a6 e4 52. a7 1-0


[Site "https://www.chess.com"]

[Event "Titled Tuesday Blitz August 09 Early 2022"]
[White "Bychkov, Vladimir"]
[Black "Garcia, Erick"]
[WhiteFideId "24151513"]
[BlackFideId "2058880"]
[WhiteElo "2197"]
[BlackElo "2202"]
[Result "1-0"]
[Round "02"]
[TimeControl "180+1"]
[Date "2022.08.09"]
[WhiteClock "0:00:49"]
[BlackClock "0:01:03"]

1. c4 Nf6 2. Nc3 e5 3. g3 Bb4 4. Qc2 O-O 5. Bg2 c6 6. a3 Bxc3 7. dxc3 d5 8. cxd5 cxd5 9. Nf3 Nc6 10. Bg5 h6 11. Bxf6 Qxf6 12. Rd1 Be6 13. O-O Rfd8 14. b4 Rac8 15. Qb2 e4 16. Nd4 Nxd4 17. Rxd4 Rc7 18. Rc1 Rdc8 19. Qd2 Qe5 20. f3 f5 21. f4 Qf6 22. e3 Kh7 23. Kh1 Qe7 24. Bf1 a5 25. Be2 Qe8 26. Qb2 Qc6 27. bxa5 Ra8 28. Qb4 Qc5 29. Bb5 Bf7 30. Kg2 Qa7 31. a4 Qxa5 32. Qxa5 Rxa5 33. Kf2 Ra8 34. Ke1 g5 35. Kd2 Kg6 36. Rb1 Kf6 37. Be2 Be6 38. Rb6 Rb8 39. Rxd5 Rc6 40. Rdb5 Rd8+ 41. Kc2 Rcd6 42. Rxd6 Rxd6 43. Rxb7 Ra6 44. Bxa6 1-0


[Site "https://www.chess.com"]